 Dungeon Crawl Stone Soup version 0.24-a0-443-g80245de385 (webtiles) character file.

Game seed: 3954765855545121887

3426 theanonym the Basher (level 9, -2/61 HPs)
             Began as a Mummy Warper on June 21, 2019.
             Was an Elder of Okawaru.
             Slain by a wolf (5 damage)
             ... on level 7 of the Dungeon.
             The game lasted 00:08:36 (6428 turns).

theanonym the Basher (Mummy Warper)                 Turns: 6428, Time: 00:08:37

Health: -2/61      AC: 18    Str: 17    XL:     9   Next: 76%
Magic:  12/13      EV:  7    Int: 13    God:    Okawaru [****..]
Gold:   470        SH:  7    Dex: 11    Spells: 13/13 levels left

rFire    x . .     SeeInvis .   a - +2 flail (crush)
rCold    + . .     Gourm    .   u - +2 buckler
rNeg     + + +     Faith    .   d - +0 plate armour
rPois    ∞         Spirit   .   h - +0 helmet
rElec    .         Reflect  .   (no cloak)
rCorr    .         Harm     .   c - +0 pair of gloves
MR       +....                  i - +2 pair of boots {Fly}
Stlth    ..........             e - amulet of regeneration
HPRegen  0.60/turn              (no ring)
MPRegen  0.13/turn              (no ring)

@: heroism, flying
A: no food or potions, fire vulnerability, cold resistance 1, negative energy
resistance 3, torment resistance, unbreathing
a: Heroism, Renounce Religion, Stop Flying


Innate Abilities, Weirdness & Mutations

You do not eat or drink.
Your flesh is vulnerable to fire.
You are immune to poison.
Your flesh is cold resistant. (rC+)
You are immune to negative energy. (rN+++)
You are immune to unholy pain and torment.
You can survive without breathing.


   Skills:
 - Level 2.0(7.0) Fighting
 + Level 10.2(15.2) Maces & Flails
 - Level 0.7(5.7) Throwing
 - Level 0.7(5.7) Armour
 - Level 1.5(6.5) Dodging
 + Level 3.1(8.1) Shields
 - Level 2.6 Spellcasting
   Level 2.4 Translocations
 - Level 5.0 Invocations


You had 13 spell levels left.
You didn't know any spells.
Your spell library contained the following spells:

 Spells                   Type           Power        Failure   Level  Hunger
 Blink                    Tloc           N/A          99%         2    N/A
 Confusing Touch          Hex            #.....       100%        1    N/A
 Corona                   Hex            #......      100%        1    N/A
 Shock                    Conj/Air       #...         100%        1    N/A
 Ensorcelled Hibernation  Hex/Ice        #.....       100%        2    N/A
 Shroud of Golubria       Chrm/Tloc      #.....       100%        2    N/A
 Sticks to Snakes         Tmut           #.......     100%        2    N/A
 Swiftness                Chrm/Air       #.......     100%        2    N/A
 Confuse                  Hex            #.......     100%        3    N/A
 Dazzling Spray           Conj/Hex       #.....       100%        3    N/A
 Gell's Gravitas          Tloc           #.........   100%        3    N/A
 Lesser Beckoning         Tloc           #.........   100%        3    N/A
 Static Discharge         Conj/Air       #.......     100%        3    N/A
 Teleport Other           Tloc           #.......     100%        3    N/A
 Tukima's Dance           Hex            #.......     100%        3    N/A
 Airstrike                Air            #.........   100%        4    N/A
 Passage of Golubria      Tloc           N/A          100%        4    N/A
 Petrify                  Tmut/Erth      #.......     100%        4    N/A
 Lightning Bolt           Conj/Air       #.........   100%        5    N/A
 Metabolic Englaciation   Hex/Ice        #.........   100%        5    N/A
 Yara's Violent Unravell  Hex/Tmut       #.........   100%        5    N/A
 Beastly Appendage        Tmut           Unusable     N/A         1    N/A
 Spider Form              Tmut/Pois      Unusable     N/A         3    N/A
 Ice Form                 Ice/Tmut       Unusable     N/A         4    N/A
 Blade Hands              Tmut           Unusable     N/A         5    N/A

Skill      XL: |  1  2  3  4  5  6  7  8  9 |
---------------+----------------------------+-----
Maces & Flails | 2 3 4 5 6 7 8 10 | 10.2
Invocations    | 3 5 |  5.0
Shields        | 3 |  3.1
Fighting       | |  2.0
Throwing       | |  0.7
Armour         | |  0.7
Dodging        | |  1.5
Spellcasting   | |  2.6
Translocations | |  2.4

Action                   |  1- 3 |  4- 6 |  7- 9 || total
-------------------------+-------+-------+-------++-------
Melee: Mace              |   172 |   107 |    11 ||   290
       Whip              |       |   135 |   154 ||   289
       Flail             |       |       |   173 ||   173
Invok: Heroism           |       |       |     1 ||     1
Evoke: Wand              |       |       |     1 ||     1
  Use: Scroll            |       |     3 |     2 ||     5
Armor: Leather armour    |    13 |       |       ||    13
       Scale mail        |    94 |    95 |       ||   189
       Plate armour      |       |    65 |   240 ||   305
Dodge: Dodged            |   124 |   101 |    56 ||   281
Block: Buckler           |       |       |    55 ||    55

Inventory:

Hand Weapons
 a - a +2 flail of crushing (weapon)
 b - a +2 whip of venom
Missiles
 f - 5 boomerangs of dispersal (quivered)
Armour
 c - a +0 pair of gloves (worn)
 d - a +0 plate armour (worn)
 h - a +0 helmet (worn)
 i - a +2 pair of boots of flying (worn)
 u - a +2 buckler (worn)
Jewellery
 e - an amulet of regeneration (around neck)
Wands
 q - a wand of polymorph (6)
Scrolls
 g - 3 scrolls of fear
 j - a scroll of random uselessness {unknown}
 k - 2 scrolls of fog {unknown}
 l - a scroll of amnesia {unknown}
 m - 2 scrolls of magic mapping {unknown}
 n - 5 scrolls of remove curse
 o - a scroll of immolation {unknown}
 p - 2 scrolls of noise {unknown}
 r - a scroll of identify
 s - 2 scrolls of enchant armour {unknown}
 t - 5 scrolls of teleportation
 B - 4 scrolls of blinking


You were on level 7 of the Dungeon.
You worshipped Okawaru.
Okawaru was greatly pleased with you.
You were not hungry.

You visited 1 branch of the dungeon, and saw 8 of its levels.

You collected 470 gold pieces.

Dungeon Overview and Level Annotations

Branches:
Dungeon (8/15)             Temple (0/1) D:7
   Lair: D:8-11

Altars:
Cheibriados
Elyvilon
Fedhas
Kikubaaqudgha
Makhleb
Nemelex Xobeh
Okawaru
Ru
Sif Muna
Vehumet
Wu Jian
Zin

Annotations:
D:6 3 runed translucent doors, kibaces's ghost, novice DEFE

###'##...#........#
...†##...#........#
....######........#
....#.............#
....'.............#
....#.............#
....#.............#
#+###...........h.##############
.....##'###'####@..............#
.....#...#.....#.o.).....).....#
.....#...#.....#..........>....#
.....#...'.....#...............#
.....#...#.....#...............#
.....#...#.....#.!.............#
.....#...#.....#...............#
.....#...#.....#.......#########
.....#....#..###.......#......#


You could see a wolf and an orc.

Notes
Turn   | Place    | Note
-------+----------+-------------------------------------------
     0 | D:1      | theanonym the Mummy Warper began the quest for the Orb.
     0 | D:1      | Reached XP level 1. HP: 16/16 MP: 4/4
   163 | D:1      | Reached skill level 2 in Maces & Flails
   380 | D:1      | Reached XP level 2. HP: 22/22 MP: 5/5
   685 | D:2      | HP: 11/22 [adder (1)]
   690 | D:2      | HP: 10/22 [adder (1)]
   911 | D:2      | HP: 11/22 [adder (4)]
   916 | D:2      | Reached skill level 3 in Maces & Flails
   916 | D:2      | Reached XP level 3. HP: 13/27 MP: 7/7
  1160 | D:2      | HP: 11/27 [jackal (3)]
  1169 | D:2      | HP: 8/27 [jackal (1)]
  1229 | D:2      | HP: 5/27 [worm (9)]
  1722 | D:2      | Reached XP level 4. HP: 30/33 MP: 8/8
  1737 | D:2      | Found a deep blue altar of Sif Muna.
  1815 | D:2      | Found an ancient bone altar of Kikubaaqudgha.
  1816 | D:2      | Found a blossoming altar of Fedhas.
  2003 | D:3      | Found a glowing silver altar of Zin.
  2164 | D:3      | Reached skill level 4 in Maces & Flails
  2213 | D:3      | Noticed a centaur
  2215 | D:3      | HP: 16/33 [centaur/arrow (4)]
  2226 | D:3      | HP: 7/33 [centaur (6)]
  2229 | D:3      | Killed a centaur
  2229 | D:3      | Reached XP level 5. HP: 9/38 MP: 9/9
  2610 | D:3      | Found a snail-covered altar of Cheibriados.
  2883 | D:3      | Found an iron altar of Okawaru.
  2886 | D:3      | Found a white marble altar of Elyvilon.
  2889 | D:3      | Found an ornate altar of the Wu Jian Council.
  2933 | D:3      | Became a worshipper of Warmaster Okawaru
  2986 | D:4      | Reached skill level 5 in Maces & Flails
  3084 | D:4      | Noticed Robin
  3093 | D:4      | Killed Robin
  3113 | D:4      | Reached XP level 6. HP: 44/44 MP: 10/10
  3216 | D:4      | Found a sacrificial altar of Ru.
  3332 | D:4      | Found a sparkling altar of Nemelex Xobeh.
  3493 | D:4      | Found a burning altar of Makhleb.
  3689 | D:5      | Entered Level 5 of the Dungeon
  3693 | D:5      | HP: 22/44 [acid (8)]
  3696 | D:5      | Reached skill level 6 in Maces & Flails
  3944 | D:5      | Reached * piety under Okawaru
  3944 | D:5      | Reached XP level 7. HP: 50/50 MP: 11/11
  4052 | D:5      | Found a radiant altar of Vehumet.
  4145 | D:5      | Noticed Edmund
  4170 | D:5      | Killed Edmund
  4170 | D:5      | Reached skill level 1 in Invocations
  4318 | D:5      | Reached skill level 2 in Invocations
  4346 | D:5      | Reached skill level 7 in Maces & Flails
  4543 | D:6      | Noticed kibaces's ghost (novice DEFE)
  4642 | D:6      | Found a runed translucent gate.
  4642 | D:6      | Found a runed translucent gate.
  4642 | D:6      | Found a runed translucent gate.
  4664 | D:6      | Reached ** piety under Okawaru
  4664 | D:6      | Reached skill level 3 in Invocations
  4664 | D:6      | Reached XP level 8. HP: 45/56 MP: 12/12
  5011 | D:6      | Reached skill level 4 in Invocations
  5036 | D:6      | Reached skill level 8 in Maces & Flails
  5036 | D:6      | Reached skill level 5 in Invocations
  5041 | D:6      | HP: 28/56 [yak (7)]
  5046 | D:6      | Reached *** piety under Okawaru
  5049 | D:6      | HP: 22/56 [yak (6)]
  5275 | D:6      | Reached XP level 9. HP: 61/61 MP: 13/13
  5462 | D:7      | Found a staircase to the Ecumenical Temple.
  5475 | D:7      | Reached skill level 9 in Maces & Flails
  5479 | D:7      | Noticed Pikel
  5530 | D:7      | Killed Pikel
  5574 | D:7      | Reached **** piety under Okawaru
  5574 | D:7      | Reached skill level 1 in Shields
  5667 | D:7      | HP: 25/61 [orc warrior/+0 short sword (19)]
  5688 | D:7      | HP: 30/61 [acid (4)]
  5793 | D:7      | Reached skill level 2 in Shields
  5824 | D:7      | Noticed Menkaure
  5843 | D:7      | HP: 29/61 [Menkaure (14)]
  5844 | D:7      | Killed Menkaure
  5844 | D:7      | Reached skill level 10 in Maces & Flails
  6403 | D:7      | HP: 30/61 [ogre/+0 giant spiked club (10)]
  6414 | D:7      | HP: 16/61 [wolf (8)]
  6421 | D:7      | HP: 15/61 [wolf (5)]
  6422 | D:7      | Reached skill level 3 in Shields
  6422 | D:7      | HP: 7/61 [wolf (8)]
  6425 | D:7      | HP: 2/61 [wolf (7)]
  6428 | D:7      | Slain by a wolf

Vanquished Creatures
  Pikel (D:7)
  6 yaks (D:6)
  A hungry ghost (D:7)
  Menkaure (D:7)
  Edmund (D:5)
  2 slaves (D:7)
  2 ice beasts
  2 orc warriors (D:7)
  An ogre (D:5)
  5 centaurs
  A big kobold (D:7)
  A water moccasin skeleton (D:7)
  A scorpion (D:5)
  2 howler monkeys
  2 hounds
  2 orc priests
  2 bullfrog skeletons
  2 jellies
  3 orc wizards
  An iguana (D:7)
  4 worker ants
  A hound zombie (D:5)
  A worker ant zombie (D:5)
  Robin (D:4)
  11 adders
  2 shadow imps (D:8)
  An ooze (D:2)
  2 worms
  A dart slug (D:4)
  2 leopard geckos
  10 orcs
  2 ball pythons
  4 giant cockroaches
  12 goblins
  8 hobgoblins
  7 jackals
  10 kobolds
  3 quokkas
  A ball python skeleton (D:4)
  4 bats
  4 frilled lizards
  A jackal skeleton (D:6)
  A quokka skeleton (D:6)
  2 quokka zombies (D:5)
  8 rats
142 creatures vanquished.

Vanquished Creatures (others)
  A slave (D:7)
  A bullfrog (D:7)
2 creatures vanquished.

Grand Total: 144 creatures vanquished

Table legend:
 A = Turns spent in this place as a percentage of turns spent in the entire game.
 B = Non-inter-level travel turns spent in this place as a percentage of non-inter-level travel turns spent in the entire game.
 C = Inter-level travel turns spent in this place as a percentage of turns spent in this place.
 D = Turns resting spent in this place as a percentage of non-inter-level travel turns spent in this place.
 E = Turns spent auto-exploring this place as a percentage of non-inter-level travel turns spent in this place.
 F = Non-inter-level travel turns spent in this place divided by the number of levels of this place that you've seen.
                   A       B       C       D       E      F
               +-------+-------+-------+-------+-------+----------------------
         Total | 100.0 | 100.0 |   5.4 |  18.5 |  60.9 | 760.4
       Dungeon | 100.0 | 100.0 |   5.4 |  18.5 |  60.9 | 760.4
               +-------+-------+-------+-------+-------+----------------------
